 Dungeon Crawl Stone Soup version 0.30-a0-177-g1cb5dbfd7a (webtiles) character file.

Game seed: 11732219446891998139

251 KennySheep the Trooper (level 6, -1/66 HPs)
             Began as an Ogre Fighter on Oct 3, 2022.
             Was a Priest of Zin.
             Constricted to death by Blork the orc (5 damage)
             ... on level 4 of the Dungeon.
             The game lasted 00:06:21 (3079 turns).

KennySheep the Trooper (Ogre Fighter)               Turns: 3079, Time: 00:06:21

Health: -1/66      AC:  3    Str: 23    XL:     6   Next: 13%
Magic:  7/7        EV:  6    Int:  9    God:    Zin [***...]
Gold:   168        SH:  7    Dex:  8    Spells: 5/5 levels left

rFire   . . .      SeeInvis .    a - +0 flail
rCold   . . .      Faith    .    c - +0 kite shield
rNeg    . . .      Spirit   .    b - +0 robe
rPois   .          Reflect  .    (helmet restricted)
rElec   .          Harm     .    (no cloak)
rCorr   .          Rampage  .    (gloves unavailable)
Will    .....                    (boots unavailable)
Stlth   +.........               (no amulet)
HPRegen 0.31/turn                (no ring)
MPRegen 0.10/turn                (no ring)

@: mighty, grasped by roots, constricted
A: large, unfitting armour, tough skin 1
a: Renounce Religion, Recite, Vitalisation, Imprison, Donate Gold


You were on level 4 of the Dungeon.
You worshipped Zin.
Zin was most pleased with you.
You visited 1 branch of the dungeon, and saw 4 of its levels.

You collected 186 gold pieces.
You donated 18 gold pieces to Zin.

Inventory:

Hand Weapons
 a - a +0 flail (weapon)
Armour
 b - a +0 robe (worn)
 c - a +0 kite shield (worn)
Jewellery
 l - a +4 ring of protection
Scrolls
 e - 2 scrolls of identify
 g - a scroll of poison
 j - a scroll of butterflies
 m - a scroll of enchant armour {unknown}
Potions
 d - a potion of magic {unknown}
 f - 2 potions of haste {unknown}
 h - a potion of attraction {unknown}
 i - a potion of heal wounds {unknown}


   Skills:
 + Level 5.3 Fighting
 * Level 3.9 Maces & Flails
 + Level 3.6 Dodging
 - Level 3.0 Shields
 + Level 2.2 Invocations


You had 5 spell levels left.
You didn't know any spells.
Your spell library contained the following spells:

 Spells                   Type           Power      Damage    Failure   Level
 Blink                    Tloc           0%         N/A       82%         2
 Momentum Strike          Conj/Tloc      0%         3d8       82%         2
 Ignite Poison            Fire/Tmut/Pois 0%         N/A       96%         3
 Kindle Blastsparks       Fire/Tloc/Air  0%         2d10      96%         3
 Lesser Beckoning         Tloc           0%         N/A       96%         3
 Mephitic Cloud           Conj/Pois/Air  0%         N/A       96%         3
 Freezing Cloud           Conj/Ice/Air   0%         6-21      100%        5


Dungeon Overview and Level Annotations

Branches:
Dungeon (4/15)
 Temple: D:4-7

Altars:
Fedhas
Wu Jian
Zin

Annotations:
D:4 Blork the orc


Innate Abilities, Weirdness & Mutations

You are too large for most types of armour.
You have tough skin. (AC +1)


Message History

Blork the orc is lightly wounded.
Blork the orc casts a spell at you. The puff of frost hits you!
You closely miss Blork the orc.
Blork the orc is lightly wounded.
Blork the orc misses you.
Blork the orc zaps a wand.
The roots erupt in riotous growth!
The grasping roots grab you!
Blork the orc is unaffected.
The grasping roots constrict you.
You hit Blork the orc.
Blork the orc is lightly wounded.
You block Blork the orc's attack. The grasping roots constrict you.
You hit Blork the orc but do no damage.
Blork the orc is lightly wounded.
Blork the orc hits you with a +0 glaive!
The grasping roots constrict you.
Blork the orc gestures wildly while chanting.
Blork the orc seems to speed up.
The grasping roots constrict you.
The grasping roots release their grip on you.
You hit Blork the orc.
Blork the orc is moderately wounded.
Blork the orc grunts noisily.
Blork the orc barely misses you.
Blork the orc gestures at you while chanting.
You block the puff of flame.
You barely miss Blork the orc.
Blork the orc is moderately wounded.
Blork the orc zaps a wand.
The roots erupt in riotous growth!
The grasping roots grab you!
Blork the orc is unaffected.
The grasping roots constrict you.
Blork the orc hits you with a +0 glaive!
* * * LOW HITPOINT WARNING * * *
The grasping roots constrict you.
* * * LOW HITPOINT WARNING * * *
You feel very mighty all of a sudden.
Blork the orc screams, "I'll decorate my home with your organs!"
Blork the orc hits you with a +0 glaive!
* * * LOW HITPOINT WARNING * * *
The grasping roots constrict you.
You die...

...#..........#
##.#.##.......#
#....##....##.#
#..#.##.#####.####
#######................##
........................#
..............#.........#
.####.##.####.#.........#
#. #@# #.#.........# #.
#o# #.###.....).. # ...
..# #....†... ....#
#####∩#####..
###.!.##8##§.≈##8##.
#.###...##§##...##
#..#_....∩.∩...._#
#..##...##≈##...##
##8#######8##.


You could see Blork the orc (fast).

Vanquished Creatures
  A hound (D:4)
  Natasha (twice) (D:2)
  Robin (D:3)
  3 adders
  4 worms
  A dart slug (D:3)
  2 orcs (D:3)
  9 ball pythons
  4 bats
  8 endoplasms
  10 giant cockroaches
  14 goblins
  8 hobgoblins
  17 jackals
  3 quokkas
  A frilled lizard (D:2)
  10 kobolds
  13 rats
111 creatures vanquished.

Notes
Turn   | Place    | Note
-------+----------+-------------------------------------------
     0 | D:1      | KennySheep the Ogre Fighter began the quest for the Orb.
     0 | D:1      | Reached XP level 1. HP: 24/24 MP: 1/1
     1 | D:1      | Found a runed translucent door.
   100 | D:1      | Reached XP level 2. HP: 12/32 MP: 2/2
   560 | D:1      | Reached XP level 3. HP: 40/40 MP: 3/3
   623 | D:1      | Found a faded altar of an unknown god.
   632 | D:1      | Prayed at the altar of an unknown god.
   632 | D:1      | Became a worshipper of Zin the Law-Giver
   632 | D:1      | Reached * piety under Zin
   977 | D:1      | Reached XP level 4. HP: 41/49 MP: 4/4
  1090 | D:2      | Noticed Robin
  1093 | D:2      | Reached skill level 1 in Invocations
  1221 | D:3      | Killed Robin
  1460 | D:2      | Reached ** piety under Zin
  1774 | D:2      | Reached XP level 5. HP: 47/55 MP: 4/6
  2136 | D:2      | Noticed Natasha
  2145 | D:2      | Killed Natasha
  2146 | D:2      | Reached skill level 5 in Fighting
  2272 | D:2      | Noticed Natasha
  2282 | D:2      | Killed Natasha
  2786 | D:4      | Reached *** piety under Zin
  2811 | D:4      | Reached XP level 6. HP: 49/66 MP: 7/7
  3026 | D:4      | Found an ornate altar of the Wu Jian Council.
  3026 | D:4      | Found a blossoming altar of Fedhas.
  3067 | D:4      | Noticed Blork the orc
  3079 | D:4      | Constricted to death by Blork the orc

Illustrated notes

Levels and vault maps discovered:
D:1:      dpeg_arrival_caged_fury, layout_rooms, shapermc_ecumenical_altar_gd,
          dreamdust_princess_bridge, nrook_mini_vaults, st_stairs_12
D:2:      minmay_door_path, layout_basic, uniq_natasha, uniq_robin
D:3:      layout_basic, nicolae_figureground_sparkle, uniq_terence
D:4:      layout_basic, amethyst_overflow_temple_binary, uniq_blork_the_orc

Skill      XL: |  1  2  3  4  5 |
---------------+----------------+-----
Maces & Flails | 2 3 |  3.9
Dodging        | 3 |  3.6
Invocations    | 1 2 |  2.2
Fighting       | 5 |  5.3
Shields        | |  3.0

Action                   |  1- 3 |  4- 6 || total
-------------------------+-------+-------++-------
Melee: Flail             |   130 |   231 ||   361
  Use: Scroll            |     2 |     2 ||     4
       Potion            |     1 |     1 ||     2
Armor: Robe              |    65 |    69 ||   134
Dodge: Dodged            |    84 |    85 ||   169
Block: Kite shield       |    84 |    92 ||   176

Table legend: (Time is in decaauts)
 A = Elapsed time spent in this place.
 B = Non-inter-level travel time spent in this place.
 C = Inter-level travel time spent in this place.
 D = Time resting spent in this place.
 E = Time spent auto-exploring this place.
 F = Levels seen in this place.
 G = Mean time per level.
                   A        B        C        D        E       F      G
               +--------+--------+--------+--------+--------+-----+--------+
         Total |   3226 |   3195 |     31 |    654 |   1701 |   4 |  806.5 |
       Dungeon |   3226 |   3195 |     31 |    654 |   1701 |   4 |  806.5 |
               +--------+--------+--------+--------+--------+-----+--------+

Top non-repeatable levels by time:
     D:2: 1154 daAuts
     D:1: 1115 daAuts
     D:3: 498 daAuts
     D:4: 458 daAuts
